 Dungeon Crawl Stone Soup version 0.23.0-3-gf3c87f2df8 (webtiles) character file.

Game seed: 15863447938977272297

11546 Murks the Brawler (level 11, -1/105 HPs)
             Began as a Troll Monk on Feb 24, 2019.
             Was an Initiate of Ru.
             Slain by a vampire mosquito (10 damage)
             ... on level 10 of the Dungeon.
             The game lasted 00:24:05 (7634 turns).

Murks the Brawler (Troll Monk)                      Turns: 7634, Time: 00:24:06

Health: -1/105     AC:  6    Str: 21    XL:     11   Next: 50%
Magic:  10/10      EV: 15    Int:  9    God:    Ru [......]
Gold:   585        SH:  0    Dex: 15    Spells: 10/10 levels left

rFire    . . .     SeeInvis .     - Unarmed
rCold    . . .     Gourm    +   (no shield)
rNeg     . . .     Faith    .   y - +0 robe (curse)
rPois    .         Spirit   .   (helmet restricted)
rElec    .         Reflect  .   (no cloak)
rCorr    .         Harm     .   (gloves unavailable)
MR       .....                  (boots unavailable)
Stlth    ++........             L - amulet of the acrobat
HPRegen  0.67/turn              f - +4 ring of evasion
MPRegen  0.12/turn              a - +3 ring of intelligence

@: lethally poisoned (-1 -> -2)
A: large, unfitting armour, claws 3, fast metabolism 3, gourmand, regeneration
1, shaggy fur 1, tough skin 3
a: Renounce Religion


You were on level 10 of the Dungeon.
You worshipped Ru.
Ru was noncommittal.
You were completely stuffed.

You visited 2 branches of the dungeon, and saw 12 of its levels.

You collected 585 gold pieces.

Inventory:

Missiles
 d - 390 stones
 s - 24 tomahawks
 E - 3 large rocks (quivered)
Armour
 y - a cursed +0 robe (worn)
Jewellery
 a - a +3 ring of intelligence (right claw)
 f - a +4 ring of evasion (left claw)
 L - an amulet of the acrobat (around neck)
 O - an uncursed ring of ice
Wands
 k - a wand of random effects (49)
 o - a wand of iceblast (9)
 r - a wand of flame (10)
 t - a wand of scattershot (9)
 u - a wand of digging (12)
 F - a wand of enslavement (13)
 K - a wand of acid (5)
 M - a wand of clouds (8)
Scrolls
 c - a scroll of identify
 g - 2 scrolls of noise {unknown}
 i - 4 scrolls of fear {unknown}
 j - 5 scrolls of teleportation {unknown}
 n - 2 scrolls of enchant weapon {unknown}
 p - 3 scrolls of random uselessness {unknown}
 v - 6 scrolls of fog {unknown}
 w - 5 scrolls of remove curse {unknown}
 B - 3 scrolls of blinking {unknown}
 C - a scroll of acquirement {unknown}
 H - 2 scrolls of enchant armour {unknown}
 I - a scroll of amnesia {unknown}
 J - a scroll of vulnerability {unknown}
 N - a scroll of immolation {unknown}
Potions
 e - 4 potions of heal wounds
 h - 2 potions of brilliance {unknown}
 l - 2 potions of agility
 m - 4 potions of curing
 q - 2 potions of lignification
 x - 3 potions of mutation
 z - 2 potions of magic
 A - a potion of cancellation {unknown}
 G - a potion of might {unknown}
 P - a potion of haste
Comestibles
 b - 22 rations
 D - 4 chunks of flesh


   Skills:
 + Level 6.0 Fighting
 - Level 2.4 Dodging
 - Level 1.0 Stealth
 * Level 16.3 Unarmed Combat


You had 10 spell levels left.
You didn't know any spells.
Your spell library contained the following spells:

 Spells                   Type           Power        Failure   Level  Hunger
 Animate Skeleton         Necr           N/A          38%         1    ##.....
 Apportation              Tloc           #.....       38%         1    ##.....
 Confusing Touch          Hex            #.....       38%         1    ##.....
 Magic Dart               Conj           #...         38%         1    ##.....
 Summon Small Mammal      Summ           #...         38%         1    ##.....
 Blink                    Tloc           N/A          52%         2    ###....
 Call Imp                 Summ           #.......     52%         2    ###....
 Slow                     Hex            #.......     52%         2    ###....
 Call Canine Familiar     Summ           #.......     77%         3    ####...
 Conjure Flame            Conj/Fire      #.......     77%         3    ####...
 Mephitic Cloud           Conj/Pois/Air  #.......     77%         3    ####...
 Spider Form              Tmut/Pois      #.........   77%         3    ####...
 Summon Guardian Golem    Hex/Summ       #.......     77%         3    ####...
 Summon Ice Beast         Ice/Summ       #.......     99%         4    #####..
 Summon Lightning Spire   Summ/Air       #.......     99%         4    #####..
 Metabolic Englaciation   Hex/Ice        #.........   100%        5    ######.
 Silence                  Hex/Air        #.........   100%        5    ######.
 Hydra Form               Tmut           #.........   100%        6    #######


Dungeon Overview and Level Annotations

Branches:
Dungeon (11/15)            Temple (1/1) D:7            Lair (0/6) D:9
    Orc (0/2) D:9

Altars:
Ashenzari
Cheibriados
Dithmenos
Elyvilon
Fedhas
Gozag
Hepliaklqana
Makhleb
Nemelex Xobeh
Okawaru
Qazlal
Ru
Sif Muna
Trog
Uskayaw
Vehumet
Wu Jian
Xom
Yredelemnul
Zin
The Shining One

Annotations:
D:5 3 runed translucent doors, exclusion: oklob plant, GotenAND's ghost, novice TrFi


Innate Abilities, Weirdness & Mutations

You are too large for most types of armour.
You have claws for hands.
Your metabolism is lightning-fast.
You like to eat raw meat.
Your natural rate of healing is unusually fast.
You are covered in fur. (AC +1)
You have extremely tough skin. (AC +3)


Message History

You claw the vampire mosquito!
The vampire mosquito is heavily damaged.
The vampire mosquito barely misses you.
The vampire mosquito completely misses you.
The vampire mosquito bites you.
* * * LOW HITPOINT WARNING * * *
The vampire mosquito draws strength from your injuries!
You mangle the vampire mosquito!!
You destroy the vampire mosquito!
You feel sick. The vampire mosquito barely misses you.
The vampire mosquito bites you!
* * * LOW HITPOINT WARNING * * *
The vampire mosquito draws strength from your injuries!
You closely miss the vampire mosquito.
You feel sick. The vampire mosquito bites you.
* * * LOW HITPOINT WARNING * * *
The vampire mosquito draws strength from your injuries!
You scratch the vampire mosquito but do no damage.
The vampire mosquito bites you!
You die...

##.# #.......# ##.#
#.......# ##.#
###+##### #..#
#.....### #.##
#####...# #.# ###.#
#'## #.#
...##############'##
...'.....##....y@..#
...#####.##........#
...# #..'........#
...# ####........#
...# #.....<..# ...#
#....>...# ...#
#........# ####
#........#
#........#


You could see a vampire mosquito.

Vanquished Creatures
  The ghost of Masnef the Blocker, a journeyman DDFi of Makhleb (D:10)
  Pikel (D:8)
  An ugly thing (D:11)
  A cyclops (D:11)
  Maurice (D:7)
  A troll (D:11)
  A hornet (D:11)
  A hippogriff (D:9)
  2 wraiths
  9 yaks
  A wyvern (D:10)
  4 hogs (D:8)
  A human (D:8)
  6 vampire mosquitoes
  A hungry ghost (D:10)
  A porcupine (D:8)
  5 orc warriors
  3 ice beasts
  3 sky beasts
  3 black bears
  2 eyes of draining (D:9)
  A phantom (D:4)
  A slave (D:8)
  3 ogres
  A necrophage (D:9)
  4 centaurs
  3 crocodiles
  9 bullfrogs
  2 big kobolds
  A scorpion (D:3)
  2 howler monkeys
  2 centaur zombies
  4 crimson imps
  2 bullfrog zombies
  A jelly (D:5)
  2 centaur skeletons
  3 orc priests
  6 hounds
  3 iguanas
  11 orc wizards
  Ijyb (D:4)
  7 worker ants
  A mummy (D:10)
  A hound zombie (D:9)
  2 worker ant zombies
  A howler monkey skeleton (D:4)
  5 adders
  3 shadow imps
  2 oozes
  An adder zombie (D:5)
  4 worms
  4 dart slugs
  7 leopard geckos
  27 orcs
  4 giant cockroaches
  15 goblins
  8 hobgoblins
  19 jackals
  20 kobolds
  2 quokkas
  A ball python (D:7)
  11 bats
  9 frilled lizards
  A quokka skeleton (D:5)
  A quokka zombie (D:5)
  6 rats
273 creatures vanquished.

Vanquished Creatures (others)
  2 fungi (D:5)
2 creatures vanquished.

Grand Total: 275 creatures vanquished

Notes
Turn   | Place    | Note
-------+----------+-------------------------------------------
     0 | D:1      | Murks the Troll Monk began the quest for the Orb.
     0 | D:1      | Reached XP level 1. HP: 22/22 MP: 0/0
    72 | D:1      | Reached XP level 2. HP: 29/29 MP: 1/1
    90 | D:1      | Reached skill level 4 in Unarmed Combat
   196 | D:1      | Reached XP level 3. HP: 32/36 MP: 2/2
   878 | D:2      | Reached XP level 4. HP: 40/44 MP: 3/3
   919 | D:2      | Reached skill level 5 in Unarmed Combat
  1477 | D:3      | Reached skill level 6 in Unarmed Combat
  1477 | D:3      | Reached XP level 5. HP: 43/50 MP: 4/4
  2117 | D:4      | Reached XP level 6. HP: 57/59 MP: 5/5
  2158 | D:4      | Reached skill level 7 in Unarmed Combat
  2430 | D:4      | Noticed Ijyb
  2437 | D:4      | Killed Ijyb
  2812 | D:5      | Entered Level 5 of the Dungeon
  2822 | D:5      | Reached skill level 8 in Unarmed Combat
  2822 | D:5      | Reached XP level 7. HP: 66/66 MP: 6/6
  2832 | D:5      | Found a sparkling altar of Nemelex Xobeh.
  2963 | D:5      | Found a blossoming altar of Fedhas.
  2977 | D:5      | Noticed an oklob plant
  3246 | D:5      | Reached skill level 9 in Unarmed Combat
  3331 | D:5      | Found a runed translucent gate.
  3336 | D:5      | Found a runed translucent gate.
  3336 | D:5      | Identified the +0 short sword of Weucois {chaos, *Slow
                  | Int+4 SInv Stlth+}
  3337 | D:5      | Noticed GotenAND's ghost (novice TrFi)
  3337 | D:5      | Found a runed translucent gate.
  3483 | D:6      | Reached XP level 8. HP: 73/74 MP: 7/7
  3493 | D:6      | Identified the Tome of Fate
  3580 | D:6      | Found a basalt altar of Yredelemnul.
  3713 | D:6      | Reached skill level 10 in Unarmed Combat
  4081 | D:7      | Found a hide-covered altar of Uskayaw.
  4081 | D:7      | Found a stormy altar of Qazlal.
  4086 | D:7      | Found a shattered altar of Ashenzari.
  4189 | D:7      | Reached skill level 11 in Unarmed Combat
  4364 | D:7      | Reached XP level 9. HP: 73/80 MP: 8/8
  4386 | D:7      | Found a staircase to the Ecumenical Temple.
  4446 | Temple   | Entered the Ecumenical Temple
  4700 | D:7      | Reached skill level 12 in Unarmed Combat
  4742 | D:7      | Found a sacrificial altar of Ru.
  4776 | D:7      | Became a worshipper of Ru the Awakened
  5027 | D:8      | Noticed Maurice
  5052 | D:7      | Killed Maurice
  5148 | D:8      | Reached skill level 13 in Unarmed Combat
  5207 | D:8      | Noticed Pikel
  5222 | D:8      | Killed Pikel
  5306 | D:8      | Reached skill level 14 in Unarmed Combat
  5308 | D:8      | Reached XP level 10. HP: 76/88 MP: 9/9
  5858 | D:9      | Found a staircase to the Lair.
  5937 | D:9      | Found a glowing golden altar of the Shining One.
  6102 | D:9      | Found a hazy altar of Hepliaklqana.
  6306 | D:9      | Found a bloodstained altar of Trog.
  6448 | D:9      | Reached skill level 15 in Unarmed Combat
  6526 | D:9      | Found a staircase to the Orcish Mines.
  6675 | D:10     | Entered Level 10 of the Dungeon
  6813 | D:10     | Found a transporter.
  6818 | D:10     | Found a transporter.
  6818 | D:10     | Noticed Masnef's ghost (journeyman DDFi)
  6997 | D:10     | Reached XP level 11. HP: 75/101 MP: 10/10
  7257 | D:10     | Killed Masnef's ghost
  7257 | D:10     | Reached skill level 5 in Fighting
  7412 | D:11     | Reached skill level 16 in Unarmed Combat
  7428 | D:11     | Noticed a purple ugly thing
  7440 | D:11     | Killed a purple ugly thing
  7634 | D:10     | Slain by a vampire mosquito

Skill      XL: |  1  2  3  4  5  6  7  8  9 10 11 |
---------------+----------------------------------+-----
Unarmed Combat | 4 6 8 9 11 14 15 16 | 16.3
Fighting       | 4 6 |  6.0
Dodging        | |  2.4
Stealth        | |  1.0

Action                   |  1- 3 |  4- 6 |  7- 9 | 10-12 || total
-------------------------+-------+-------+-------+-------++-------
Melee: Unarmed           |   113 |   159 |   263 |   286 ||   821
       Punch             |     2 |     3 |    14 |    23 ||    42
Throw: Stone             |       |     2 |       |     4 ||     6
       Large rock        |       |       |       |     1 ||     1
Invok: Reject Sacrifices |       |       |     1 |       ||     1
Evoke: Wand              |       |       |     1 |       ||     1
  Use: Scroll            |       |     1 |     3 |     6 ||    10
       Potion            |       |     1 |     1 |     3 ||     5
 Stab: Sleeping          |     3 |       |     1 |       ||     4
       Distracted        |       |       |     1 |     1 ||     2
       Invisible         |       |       |     1 |       ||     1
       Paralysed         |       |       |     1 |       ||     1
  Eat: Chunk             |    10 |    20 |    24 |    24 ||    78
Armor: Robe              |    62 |    85 |    47 |    33 ||   227
       Skin              |       |       |    12 |       ||    12
Dodge: Dodged            |    88 |   100 |   168 |   249 ||   605
